 Dungeon Crawl Stone Soup version 0.25-a0-665-ga69d64035b (webtiles) character file.

Game seed: 15091396181889959440, levelgen mode: deterministic

85 kae the Firebug (level 4, -6/24 HPs)
             Began as a Tengu Fire Elementalist on Mar 26, 2020.
             Killed by divine providence
             ... invoked by an orc priest
              (8 damage)
             ... on level 4 of the Dungeon.
             The game lasted 00:02:42 (2202 turns).

kae the Firebug (Tengu Fire Elementalist)           Turns: 2202, Time: 00:02:43

Health: -6/24      AC:  3    Str:  8    XL:     4   Next: 48%
Magic:  4/9        EV: 13    Int: 16    God:
Gold:   43         SH:  0    Dex: 15    Spells: 1/8 levels left

rFire    . . .     SeeInvis .   (no weapon)
rCold    . . .     Gourm    .   (no shield)
rNeg     . . .     Faith    .   a - +1 robe
rPois    .         Spirit   .   (helmet restricted)
rElec    .         Reflect  .   (no cloak)
rCorr    .         Harm     .   (no gloves)
MR       .....                  (boots unavailable)
Stlth    ++........             (no amulet)
HPRegen  0.08/turn              (no ring)
MPRegen  0.11/turn              (no ring)

@: hasted, very quick
A: beak, talons 3
a: no special abilities


You were on level 4 of the Dungeon.
You were very hungry.

You visited 1 branch of the dungeon, and saw 4 of its levels.

You collected 43 gold pieces.

Inventory:

Armour
 a - a +1 robe (worn)
Scrolls
 b - a scroll of blinking {unknown}
 e - a scroll of teleportation
 f - a scroll of amnesia
Potions
 d - a potion of curing
 g - 5 potions of degeneration
 j - a potion of ambrosia
Comestibles
 c - 4 rations


   Skills:
 - Level 2.1 Dodging
 - Level 2.0 Stealth
 + Level 2.7 Spellcasting
 * Level 3.9 Conjurations
 + Level 4.0 Fire Magic


You had one spell level left.
You knew the following spells:

 Your Spells              Type           Power        Failure   Level  Hunger
a - Foxfire               Conj/Fire      ###.         3%          1    #......
b - Conjure Flame         Conj/Fire      ###.....     11%         3    ###....
c - Inner Flame           Hex/Fire       #.......     26%         3    ###....

Your spell library contained the following spells:

 Spells                   Type           Power        Failure   Level  Hunger
 Sticky Flame             Conj/Fire      ###.....     36%         4    #####..
 Fireball                 Conj/Fire      ###.......   71%         5    ######.


Dungeon Overview and Level Annotations

Branches:
Dungeon (3/15)

Altars:
Gozag
Nemelex Xobeh


Innate Abilities, Weirdness & Mutations

You have a beak for a mouth.
You have claws for feet.


Message History

The foxfire hits the orc.
The orc is heavily wounded.
Casting: Foxfire (safe; 3% risk of failure)
Confirm with . or Enter, or press ? or * to list all spells.
You conjure some foxfire!
The orc closely misses you.
The foxfire hits the orc.
The orc is heavily wounded.
The foxfire hits the orc.
You kill the orc!
The orc wizard closely misses you.
The orc priest casts a cantrip, but nothing happens.
The orc wizard hits you with a +0 dagger.
Casting: Foxfire (safe; 3% risk of failure)
Confirm with . or Enter, or press ? or * to list all spells.
You conjure some foxfire!
You are feeling very hungry.
The orc hits you with a +0 flail!
* * * LOW HITPOINT WARNING * * *
The orc priest invokes the aid of Beogh against you.
Beogh smites you!
You die...

###.#.#.#.
#........#
#.......#+
#.........
#.........
#.........
#......?..
#vo.......
#@o..o....
#.v.......
########..
.


You could see an orc priest, an orc wizard and an orc.

Vanquished Creatures
  2 worms (D:2)
  2 dart slugs
  5 orcs
  17 giant cockroaches
  6 hobgoblins
  6 jackals (D:1)
  6 kobolds
  A quokka (D:2)
  5 bats
  2 frilled lizards (D:1)
  3 goblins
  5 rats
60 creatures vanquished.

Vanquished Creatures (others)
  141 foxfires
141 creatures vanquished.

Grand Total: 201 creatures vanquished

Notes
Turn   | Place    | Note
-------+----------+-------------------------------------------
     0 | D:1      | kae the Tengu Fire Elementalist began the quest for the
                  | Orb.
     0 | D:1      | Reached XP level 1. HP: 10/10 MP: 4/4
    72 | D:1      | Reached XP level 2. HP: 13/15 MP: 1/6
   324 | D:1      | Reached XP level 3. HP: 19/19 MP: 0/7
   648 | D:2      | Found a sparkling altar of Nemelex Xobeh.
   733 | D:2      | Found an opulent altar of Gozag.
  1597 | D:3      | Reached XP level 4. HP: 19/24 MP: 4/8
  1713 | D:3      | Noticed an ice beast
  1858 | D:2      | Learned a level 3 spell: Conjure Flame
  1862 | D:2      | Learned a level 3 spell: Inner Flame
  1963 | D:3      | Reached skill level 4 in Fire Magic
  2190 | D:3      | You fall into a shaft and drop 1 floor!
  2202 | D:4      | Killed from afar by an orc priest

Levels and vault maps discovered:
D:1:      ncdulo_wetmaze, layout_basic
D:2:      layout_basic, nemelex_xobeh_ov_fountains_minmay,
          grunt_gozag_breadcrumbs, bh_chokoban
D:3:      minmay_roachtagon, layout_basic, yredelemnul_forgotten_temple_becter,
          first_ration
D:4:      layout_basic, serial_shops, nicolae_shop_competitors_out_of_business,
          serial_park_tiny_2

Skill      XL: |  1  2  3  4 |
---------------+-------------+-----
Conjurations   | 2 3 |  3.9
Fire Magic     | 4 |  4.0
Dodging        | |  2.1
Stealth        | |  2.0
Spellcasting   | |  2.7

Action                   |  1- 3 |  4- 6 || total
-------------------------+-------+-------++-------
Melee: Unarmed           |    44 |    18 ||    62
       Kick              |    11 |     6 ||    17
       Peck              |     6 |     2 ||     8
 Cast: Foxfire           |    58 |    31 ||    89
  Use: Scroll            |     9 |     2 ||    11
       Potion            |       |     4 ||     4
 Stab: Distracted        |     1 |       ||     1
       Sleeping          |       |     1 ||     1
  Eat: Chunk             |     3 |     1 ||     4
Armor: Robe              |    33 |    14 ||    47
Dodge: Dodged            |    63 |    24 ||    87

Table legend:
 A = Non-vault XP
 B = Vault XP
 C = Vault XP percentage of total XP
 D = Non-vault monster count
 E = Vault monster count
 F = Vault count percentage of total count
                 A         B        C        D         E       F
            +---------+---------+-------+---------+---------+-------
      Total |     102 |      20 |  16.4 |      50 |      10 |  16.7
            +---------+---------+-------+---------+---------+-------
        D:1 |      41 |       0 |   0.0 |      24 |       0 |   0.0
        D:2 |      23 |       0 |   0.0 |       9 |       0 |   0.0
        D:3 |      35 |      20 |  36.4 |      16 |      10 |  38.5
        D:4 |       3 |       0 |   0.0 |       1 |       0 |   0.0
            +---------+---------+-------+---------+---------+-------
